 Dungeon Sprint DCSS version 0.24-a0-536-gdd4cf15 (webtiles) character file.

Game seed: 2898406432725975721

4162 Faca the Warrior (level 10, 70/90 HPs)
             Began as a Formicid Fighter on Aug 13, 2019.
             Was the Champion of the Shining One.
             Quit the game in the Dungeon (Sprint IX: "|||||||||||||||||||||||||||||").
             The game lasted 00:04:38 (1599 turns).

Faca the Warrior (Formicid Fighter)                 Turns: 1599, Time: 00:04:39

Health: 70/90      AC: 11    Str: 26    XL:     10   Next: 52%
Magic:  10/10      EV:  8    Int:  9    God:    the Shining One [******]
Gold:   18         SH: 10    Dex: 10    Spells: 9/9 levels left

rFire    . . .     SeeInvis +   p - +2 scimitar (slice)
rCold    . . .     Gourm    .   c - +0 shield
rNeg     + + +     Faith    .   q - +1 chain mail
rPois    .         Spirit   .   (helmet unavailable)
rElec    .         Reflect  .   (no cloak)
rCorr    .         Harm     .   (no gloves)
MR       +....                  a - +0 pair of boots
Stlth    ..........             (no amulet)
HPRegen  0.25/turn              r - +2 ring of evasion
MPRegen  0.12/turn              s - +3 ring of strength

@: glowing
A: permanent stasis, dig shafts and tunnels, four strong arms, antennae 3, claws
1, frail 1, screaming 1, wild magic 1
a: Dig, Divine Shield, Cleansing Flame, Summon Divine Warrior, Brand Weapon With
Holy Wrath, Renounce Religion


You were in the Dungeon.
You worshipped the Shining One.
The Shining One was exalted by your worship.
You were not hungry.

You visited 1 branch You collected 18 gold pieces.

Inventory:

Hand Weapons
 o - a +2 rapier of venom
 p - a +2 scimitar of slicing (weapon)
Armour
 a - a +0 pair of boots (worn)
 c - a +0 shield (worn)
 q - a +1 chain mail (worn)
Jewellery
 r - a +2 ring of evasion (left claw)
 s - a +3 ring of strength (right claw)
Wands
 n - a wand of acid (10)
Scrolls
 k - 3 scrolls of blinking
 l - 3 scrolls of remove curse
 m - 2 scrolls of amnesia
 t - a scroll of fog
 u - 4 scrolls of identify
 v - a scroll of fear
Potions
 b - a potion of agility
 d - a potion of might
 e - 6 potions of curing
 g - 4 potions of heal wounds
 h - a potion of haste
 i - 4 potions of magic
 j - a potion of berserk rage
Comestibles
 f - a ration


   Skills:
 + Level 17.3 Fighting
 + Level 16.0 Long Blades
 + Level 3.2 Armour
 + Level 3.6 Shields


You had 9 spell levels left.
You didn't know any spells.
Your spell library was empty.

Dungeon Overview and Level Annotations

Branches:
Dungeon (1/1)

Altars:
Cheibriados
Dithmenos
Elyvilon
Fedhas
Gozag
Hepliaklqana
Kikubaaqudgha
Makhleb
Nemelex Xobeh
Okawaru
Qazlal
Ru
Sif Muna
Trog
Uskayaw
Vehumet
Wu Jian
Xom
Yredelemnul
Zin
The Shining One
Beogh
Jiyva
Lugonu


Innate Abilities, Weirdness & Mutations

You cannot be hasted, slowed, berserked, paralysed or teleported.
You can dig through walls and to a lower floor.
Your four strong arms can wield two-handed weapons with a shield.
You have a pair of large antennae on your head. (SInv)
You have sharp fingernails.
You are frail. (-10% HP)
You occasionally shout uncontrollably at your foes.
Your spells are a little harder to cast, but a little more powerful.


Message History

You are engulfed in calcifying dust. x2
The catoblepas breathes a plume of calcifying dust at you.
The blast of calcifying dust hits the death yak but does no damage.
The blast of calcifying dust hits you!
The death yak is no longer petrified.
The death yak is engulfed in calcifying dust.
The death yak is moving more slowly.
The death yak gores you!!
The catoblepas breathes a plume of calcifying dust at you.
The blast of calcifying dust hits the death yak.
The blast of calcifying dust hits you!
The death yak is engulfed in calcifying dust.
The death yak stops moving altogether!
You are engulfed in calcifying dust.
The death yak is engulfed in calcifying dust.
You are engulfed in calcifying dust.
The death yak is engulfed in calcifying dust.
You are engulfed in calcifying dust.
The death yak is engulfed in calcifying dust.
You turn to flesh and can move again.
Are you sure you want to abandon this character and quit the game? (Confirm with "yes".) { {{ { {{{{{{{{{

▓▓▓▓▓▓▓▓▓▓▓▓▓▓▓▓▓▓▓▓▓▓▓▓
.'.....()....YYY@.§....▓
▓▓▓▓▓▓▓▓▓▓▓▓▓▓▓▓▓▓▓▓▓▓.▓
.......................▓
▓▓▓▓▓▓▓▓▓▓▓▓▓▓▓▓▓▓▓▓▓▓▓▓
______'.....)....)'...<▓
▓▓▓▓▓▓▓▓▓▓▓▓▓▓▓▓▓▓▓▓▓▓▓▓


You could see a death yak (petrified), a catoblepas and a yak.

Vanquished Creatures
  A hydra (D)
  A manticore (D)
  A gargoyle (D)
  2 spiny frogs (D)
  A komodo dragon (D)
  A hippogriff (D)
  A wyvern (D)
  2 yaks (D)
  A wraith (D)
  A basilisk (D)
  2 water moccasins (D)
  3 porcupines (D)
  A centaur (D)
  3 crocodiles (D)
  3 bullfrogs (D)
  A wight (D)
  A hound (D)
  A worker ant (D)
  A gnoll (D)
  An ooze (D)
  An adder skeleton (D)
  A dart slug (D)
  An orc (D)
  A bat skeleton (D)
  A hobgoblin (D)
  2 jackals (D)
  A ball python skeleton (D)
  A frilled lizard (D)
  2 rats (D)
40 creatures vanquished.

Notes
Turn   | Place    | Note
-------+----------+-------------------------------------------
     0 | D        | Faca the Formicid Fighter began the quest for the Orb.
     0 | D        | Reached XP level 1. HP: 18/18 MP: 1/1
    12 | D        | Reached skill level 4 in Fighting
    26 | D        | Reached XP level 2. HP: 11/26 MP: 2/2
   216 | D        | Reached skill level 5 in Fighting
   216 | D        | Reached XP level 3. HP: 14/33 MP: 3/3
   226 | D        | Reached skill level 6 in Fighting
   226 | D        | Reached skill level 5 in Long Blades
   405 | D        | Found a roughly hewn altar of Beogh.
   405 | D        | Found a snail-covered altar of Cheibriados.
   405 | D        | Found a shadowy altar of Dithmenos.
   405 | D        | Found a white marble altar of Elyvilon.
   405 | D        | Found a blossoming altar of Fedhas.
   405 | D        | Found an opulent altar of Gozag.
   406 | D        | Found a hazy altar of Hepliaklqana.
   407 | D        | Found a viscous altar of Jiyva.
   408 | D        | Found an ancient bone altar of Kikubaaqudgha.
   409 | D        | Found a corrupted altar of Lugonu.
   410 | D        | Found a burning altar of Makhleb.
   411 | D        | Found a sparkling altar of Nemelex Xobeh.
   412 | D        | Found an iron altar of Okawaru.
   413 | D        | Found a stormy altar of Qazlal.
   414 | D        | Found a sacrificial altar of Ru.
   415 | D        | Found a shimmering blue altar of Sif Muna.
   416 | D        | Found a bloodstained altar of Trog.
   417 | D        | Found a hide-covered altar of Uskayaw.
   418 | D        | Found a radiant altar of Vehumet.
   419 | D        | Found an ornate altar of the Wu Jian Council.
   420 | D        | Found a shimmering altar of Xom.
   421 | D        | Found a basalt altar of Yredelemnul.
   422 | D        | Found a glowing silver altar of Zin.
   423 | D        | Found a glowing golden altar of the Shining One.
   431 | D        | Became a worshipper of the Shining One
   472 | D        | Noticed a wight
   472 | D        | Reached * piety under the Shining One
   472 | D        | Noticed a wraith
   472 | D        | Reached ** piety under the Shining One
   472 | D        | Noticed a gargoyle
   484 | D        | Killed a gargoyle
   484 | D        | Reached skill level 10 in Fighting
   484 | D        | Reached XP level 4. HP: 34/49 MP: 4/4
   484 | D        | Reached XP level 5. HP: 38/54 MP: 5/5
   484 | D        | Reached XP level 6. HP: 43/61 MP: 6/6
   490 | D        | Killed a wraith
   490 | D        | Reached skill level 11 in Fighting
   490 | D        | Reached skill level 10 in Long Blades
   490 | D        | Reached XP level 7. HP: 52/68 MP: 7/7
   495 | D        | Reached *** piety under the Shining One
   584 | D        | Noticed a yak
   584 | D        | Noticed a wyvern
   584 | D        | Reached **** piety under the Shining One
   584 | D        | Noticed a manticore
   590 | D        | Killed a manticore
   590 | D        | Reached skill level 13 in Fighting
   590 | D        | Reached XP level 8. HP: 43/79 MP: 8/8
   594 | D        | Killed a wyvern
   602 | D        | Killed a yak
   602 | D        | Reached skill level 14 in Fighting
   893 | D        | Noticed a spiny frog
   893 | D        | Reached ***** piety under the Shining One
   896 | D        | Reached XP level 9. HP: 85/87 MP: 9/9
   896 | D        | Noticed a hippogriff
   905 | D        | Killed a spiny frog
   905 | D        | Reached skill level 15 in Fighting
   912 | D        | Killed a hippogriff
  1047 | D        | Gained mutation: Your spells are a little harder to cast,
                  | but a little more powerful. [potion of mutation]
  1047 | D        | Gained mutation: You are frail. (-10% HP) [potion of
                  | mutation]
  1047 | D        | Gained mutation: You occasionally shout uncontrollably at
                  | your foes. [potion of mutation]
  1047 | D        | Gained mutation: You have sharp fingernails. [potion of
                  | mutation]
  1068 | D        | Noticed a komodo dragon
  1068 | D        | Noticed a spiny frog
  1075 | D        | Noticed a five-headed hydra
  1087 | D        | Killed a spiny frog
  1087 | D        | Reached skill level 16 in Fighting
  1087 | D        | Reached skill level 15 in Long Blades
  1087 | D        | Reached XP level 10. HP: 75/88 MP: 10/10
  1095 | D        | Killed a komodo dragon
  1102 | D        | Killed a five-headed hydra
  1102 | D        | Reached skill level 17 in Fighting
  1432 | D        | Noticed a catoblepas
  1432 | D        | Noticed a death yak
  1432 | D        | Reached ****** piety under the Shining One
  1432 | D        | Noticed a death yak
  1432 | D        | Noticed a catoblepas
  1432 | D        | Noticed a death yak
  1599 | D        | Quit the game

Levels and vault maps discovered:
D:        linesprint [early_d, line_temple, items_1, d_10, items_2, lair_1,
          lair_end, items_3, orc_1, orc_end, items_4, d_15, swamp_1, shoals_1,
          snake_1, spider_1, d_20, vaults_1, items_5, swamp_end, shoals_end,
          snake_end, spider_end, vaults_end, d_27, items_6, zot_1, zot_end,
          crypt_end, forest_end, elf_end, slime_end, tomb_end, abyss_end,
          pan_hell_end]

Skill      XL: |  1  2  3  4  5  6  7  8  9 10 |
---------------+-------------------------------+-----
Fighting       | 4 5 10 11 13 14 16 17 | 17.3
Long Blades    | 3 4 9 10 12 13 15 16 | 16.0
Armour         | |  3.2
Shields        | |  3.6

Action                   |  1- 3 |  4- 6 |  7- 9 | 10-12 || total
-------------------------+-------+-------+-------+-------++-------
Melee: Long sword        |    43 |       |       |       ||    43
       Scimitar          |    11 |     6 |    72 |    10 ||    99
       Rapier            |       |       |       |    17 ||    17
  Use: Potion            |     1 |       |     1 |     1 ||     3
  Eat: Chunk             |       |       |     1 |     1 ||     2
Armor: Scale mail        |    16 |       |       |       ||    16
       Chain mail        |     1 |       |    15 |     9 ||    25
Dodge: Dodged            |    14 |     1 |    17 |     7 ||    39
Block: Shield            |    15 |     3 |    25 |     7 ||    50
       Rpst.: Long sword |     3 |       |       |       ||     3
       Scimitar          |     1 |     1 |     6 |     1 ||     9

Table legend:
 A = Non-vault XP
 B = Vault XP
 C = Vault XP percentage of total XP
 D = Non-vault monster count
 E = Vault monster count
 F = Vault count percentage of total count
                 A         B        C        D         E       F
            +---------+---------+-------+---------+---------+-------
      Total |       0 |    5947 | 100.0 |       0 |      40 | 100.0
            +---------+---------+-------+---------+---------+-------
          D |       0 |    5947 | 100.0 |       0 |      40 | 100.0
            +---------+---------+-------+---------+---------+-------
